 Dungeon Crawl Stone Soup version 0.30-a0-358-g0d69a1922f (webtiles) character file.

Game seed: 7236739372277866626

156 NinjaNoafa the Cutter (level 5, 0/43 HPs)
             Began as a Merfolk Gladiator on Nov 8, 2022.
             Slain by Pikel
             ... wielding a +0 whip of freezing
              (6 damage)
             ... on level 3 of the Dungeon.
             The game lasted 00:04:49 (2681 turns).

NinjaNoafa the Cutter (Merfolk Gladiator)           Turns: 2681, Time: 00:04:49

Health: 0/43       AC:  5    Str: 14    XL:     5   Next: 38%
Magic:  5/5        EV: 13    Int:  7    God:
Gold:   228        SH:  4    Dex: 18    Spells: 4/4 levels left

rFire   . . .      SeeInvis .    a - +0 rapier
rCold   . . .      Faith    .    j - +0 buckler
rNeg    . . .      Spirit   .    b - +0 leather armour
rPois   .          Reflect  .    m - +0 helmet
rElec   .          Harm     .    q - +0 cloak
rCorr   .          Rampage  .    (no gloves)
Will    .....                    (no boots)
Stlth   +.........               (no amulet)
HPRegen 0.27/turn                (no ring)
MPRegen 0.09/turn                (no ring)

@: brilliant, attractive, hasted, invisible, very quick
A: (nimble swimmer 2), mertail
a: no special abilities


You were on level 3 of the Dungeon.
You visited 1 branch of the dungeon, and saw 4 of its levels.

You collected 228 gold pieces.

Inventory:

Hand Weapons
 a - a +0 rapier (weapon)
Missiles
 d - 2 throwing nets (quivered)
 g - 28 stones
Armour
 b - a +0 leather armour (worn)
 j - a +0 buckler (worn)
 m - a +0 helmet (worn)
 q - a +0 cloak (worn)
Scrolls
 c - 4 scrolls of identify {unknown}
 e - a scroll of enchant armour {unknown}
 i - a scroll of noise {unknown}
 l - 2 scrolls of brand weapon {unknown}
 o - a scroll of blinking {unknown}
 r - a scroll of magic mapping {unknown}
 t - a scroll of enchant weapon {unknown}
 u - a scroll of amnesia {unknown}
Potions
 h - a potion of attraction
 k - a potion of haste


   Skills:
 + Level 4.4 Fighting
 + Level 5.6 Short Blades
 - Level 2.0 Throwing
 - Level 4.0 Dodging


You had 4 spell levels left.
You didn't know any spells.
Your spell library was empty.

Dungeon Overview and Level Annotations

Branches:
Dungeon (4/15)
 Temple: D:4-7

Altars:

Annotations:
D:3 Pikel


Innate Abilities, Weirdness & Mutations

((You are very nimble when in or above water. (Stealth+, EV+, Speed+++)))
Your lower body shifts to a powerful aquatic tail in water.


Message History

You fade into invisibility!
You block the orc's attack. Pikel is attracted toward you.
Okay, then.
Pikel is attracted toward you.
You closely miss Pikel. You barely miss the orc. You completely miss Pikel.
Pikel hits you with a +0 whip of freezing.
Pikel freezes you. The orc misses you.
You catch the helpless Pikel completely off-guard!
You puncture Pikel!
Pikel is moderately wounded.
The orc closely misses you.
Pikel hits you with a +0 whip of freezing!
* * * LOW HITPOINT WARNING * * *
Pikel freezes you.
* * * LOW HITPOINT WARNING * * *
Pikel barely misses you.
You feel better.
You hit Pikel.
Pikel is moderately wounded.
Pikel barely misses you.
You closely miss Pikel.
Pikel is moderately wounded.
You hit Pikel.
Pikel is moderately wounded.
Pikel barely misses you.
You closely miss Pikel.
Pikel is moderately wounded.
The orc misses you.
Pikel hits you with a +0 whip of freezing.
* * * LOW HITPOINT WARNING * * *
Pikel freezes you.
* * * LOW HITPOINT WARNING * * *
The orc is attracted toward you.
It was a potion of brilliance.
You feel clever all of a sudden. You block the orc's attack.
Pikel hits you with a +0 whip of freezing.
You die...

#.# #####[........# ##..# #.#
#......######.###...# ########.#
#.###..#### #.##..... ......##.##
#.#.......# #.###...#
#####.#...###.#.#..##.# #........
#...........#..##.# #.###.###
###...###.###..##.###.# #.###
##.## #.###K§>......# #...# #.#
#...@o.#.###### ###.# #.#
########.# #.# ##'## #.# #.#
##...## #.# #.# ##.....## ###.#
#.# # ##.......## ##>#.# #..
####.........####....##########..
...+.....)...'...................
####.........####....##########..


You could see Pikel (unable to see you) and an orc (unable to see you).

Vanquished Creatures
  An orc priest (D:4)
  7 adders
  A worm (D:3)
  A dart slug (D:1)
  4 orcs (D:3)
  7 ball pythons
  5 bats
  2 endoplasms
  2 giant cockroaches
  3 hobgoblins
  3 jackals (D:2)
  4 kobolds
  3 quokkas
  4 frilled lizards
  5 goblins
  5 rats
57 creatures vanquished.

Notes
Turn   | Place    | Note
-------+----------+-------------------------------------------
     0 | D:1      | NinjaNoafa the Merfolk Gladiator began the quest for the
                  | Orb.
     0 | D:1      | Reached XP level 1. HP: 16/16 MP: 1/1
   149 | D:1      | Reached skill level 4 in Short Blades
   149 | D:1      | Reached XP level 2. HP: 23/23 MP: 2/2
  1040 | D:2      | Reached XP level 3. HP: 29/29 MP: 3/3
  1114 | D:2      | Found a faded altar of an unknown god.
  1268 | D:2      | Reached XP level 4. HP: 25/35 MP: 4/4
  1635 | D:2      | Reached skill level 5 in Short Blades
  2319 | D:3      | Reached XP level 5. HP: 42/42 MP: 5/5
  2619 | D:4      | Noticed a lemure
  2620 | D:4      | Noticed a lemure
  2621 | D:4      | Noticed Pikel
  2625 | D:4      | Noticed a lemure
  2681 | D:3      | Slain by Pikel

Illustrated notes

Levels and vault maps discovered:
D:1:      dpeg_arrival_concentric_ovals, layout_basic, serial_park_tiny_2
D:2:      layout_basic, hellmonk_ecumenical_altar_pennies_from_heaven
D:3:      layout_loops_corners
D:4:      layout_layer_cave, minmay_fractal_squares_gapless_5, uniq_duvessa,
          uniq_grinder, uniq_pikel

Skill      XL: |  1  2  3  4 |
---------------+-------------+-----
Short Blades   | 4 5 |  5.6
Fighting       | 3 4 |  4.4
Throwing       | |  2.0
Dodging        | |  4.0

Action                   |  1- 3 |  4- 6 || total
-------------------------+-------+-------++-------
Melee: Rapier            |    68 |    87 ||   155
Throw: Javelin           |    17 |    20 ||    37
       Throwing net      |       |     1 ||     1
  Use: Potion            |       |     6 ||     6
 Stab: Sleeping          |     1 |       ||     1
       Held in net/web   |       |     1 ||     1
       Invisible         |       |     1 ||     1
Armor: Leather armour    |    18 |    23 ||    41
Dodge: Dodged            |    69 |    81 ||   150
Block: Buckler           |    11 |    17 ||    28

Table legend: (Time is in decaauts)
 A = Elapsed time spent in this place.
 B = Non-inter-level travel time spent in this place.
 C = Inter-level travel time spent in this place.
 D = Time resting spent in this place.
 E = Time spent auto-exploring this place.
 F = Levels seen in this place.
 G = Mean time per level.
                   A        B        C        D        E       F      G
               +--------+--------+--------+--------+--------+-----+--------+
         Total |   2682 |   2526 |    156 |      0 |   1992 |   4 |  670.5 |
       Dungeon |   2682 |   2526 |    156 |      0 |   1992 |   4 |  670.5 |
               +--------+--------+--------+--------+--------+-----+--------+

Top non-repeatable levels by time:
     D:1: 980 daAuts
     D:3: 858 daAuts
     D:2: 749 daAuts
     D:4: 94 daAuts
